 Dungeon Sprint DCSS version 0.28-a0-79-g444c7a33f5 (webtiles) character file.

Game seed: 8376339430634165572

20939 Zeldest the Champion of Chaos (level 12, -14/126 HPs)
             Began as a Deep Dwarf Gladiator on Aug 3, 2021.
             Was the Champion of Makhleb.
             Demolished by Donald (39 damage)
             ... in the Dungeon (Sprint IX: "|||||||||||||||||||||||||||||").
             The game lasted 00:10:33 (1476 turns).

Zeldest the Champion of Chaos (DDGl)                Turns: 1476, Time: 00:10:33

Health: -14/126    AC: 22    Str: 20    XL:     12   Next: 49%
Magic:  16/16      EV: 15    Int:  9    God:    Makhleb [******]
Gold:   1958       SH:  0    Dex: 17    Spells: 11/11 levels left

rFire   + . .      SeeInvis .   H - +1 demon blade
rCold   + . .      Faith    .   (no shield)
rNeg    . . .      Spirit   .   I - +0 storm dragon scales
rPois   .          Reflect  .   J - +1 helmet
rElec   +          Harm     .   z - +0 cloak
rCorr   .          Rampage  .   t - +0 pair of gloves
Will    +....      NoTele   +   y - +0 pair of boots
Stlth   ..........              (no amulet)
HPRegen 0.00/turn               D - ring of protection from fire
MPRegen 0.15/turn               G - ring of protection from cold

@: no status effects
A: damage resistance, heal wounds, sense surroundings 2, no regeneration
a: Heal Wounds, Renounce Religion, Minor Destruction, Lesser Servant of Makhleb,
Major Destruction, Greater Servant of Makhleb


You were in the Dungeon.
You worshipped Makhleb.
Makhleb was exalted by your worship.
You visited 1 branch You collected 1958 gold pieces.

Inventory:

Hand Weapons
 a - a +0 long sword
 n - a +2 scimitar of holy wrath
 B - a +0 scimitar of flaming
 H - a +1 demon blade (weapon)
Missiles
 d - 3 throwing nets (quivered)
Armour
 b - a +0 leather armour
 c - a +0 helmet
 o - a +0 helmet
 p - a +1 chain mail
 t - a +0 pair of gloves (worn)
 y - a +0 pair of boots (worn)
 z - a +0 cloak (worn)
 A - a +0 plate armour of fire resistance
 C - a +2 robe of willpower
 I - +0 storm dragon scales (worn)
 J - a +1 helmet (worn)
Jewellery
 q - a +2 ring of evasion
 r - a +2 ring of protection
 D - a ring of protection from fire (left hand)
 E - a ring of protection from fire
 F - a ring of protection from fire
 G - a ring of protection from cold (right hand)
Wands
 m - a wand of flame (11)
Scrolls
 j - 4 scrolls of blinking
 l - 2 scrolls of amnesia
 u - 2 scrolls of enchant weapon
 v - 2 scrolls of identify
 w - 4 scrolls of enchant armour
 x - a scroll of fog
 K - 2 scrolls of fear
Potions
 e - 6 potions of curing
 f - 9 potions of heal wounds
 g - 2 potions of haste
 h - 4 potions of magic
 i - 2 potions of berserk rage
 k - a potion of invisibility
 s - 2 potions of brilliance


   Skills:
 + Level 13.5 Fighting
 + Level 14.8 Long Blades
 - Level 1.7 Throwing
 + Level 11.7 Armour
 + Level 15.8 Dodging
 + Level 17.4 Invocations
 + Level 13.6 Evocations


You had 11 spell levels left.
You didn't know any spells.
Your spell library was empty.

Dungeon Overview and Level Annotations

Branches:
Dungeon (1/1)

Altars:
Cheibriados
Dithmenos
Elyvilon
Fedhas
Gozag
Hepliaklqana
Kikubaaqudgha
Makhleb
Nemelex Xobeh
Okawaru
Qazlal
Ru
Sif Muna
Trog
Uskayaw
Vehumet
Wu Jian
Xom
Yredelemnul
Zin
The Shining One
Beogh
Jiyva
Lugonu

Shops:
D [!(?

Annotations:
D Donald


Innate Abilities, Weirdness & Mutations

You are resistant to damage.
You can heal yourself by infusing magical energy.
You passively map the area around you.
You do not regenerate.


Message History

You closely miss Donald.
Donald is heavily wounded.
Donald hits you with a +2 eveningstar of flaming!
Donald burns you. Donald blocks your attack.
Donald is heavily wounded.
You hit Donald but do no damage.
Donald is heavily wounded.
Donald hits you with a +2 eveningstar of flaming!
Donald burns you. Donald blocks your attack.
Donald is heavily wounded.
Donald hits you with a +2 eveningstar of flaming!!
Donald burns you. Donald blocks your attack.
Donald is heavily wounded.
Donald hits you with a +2 eveningstar of flaming!
Donald burns you.
You closely miss Donald.
Donald is heavily wounded.
Donald hits you with a +2 eveningstar of flaming!
Donald burns you. Donald blocks your attack.
Donald is heavily wounded.
Donald hits you with a +2 eveningstar of flaming!!!
* * * LOW HITPOINT WARNING * * *
Donald burns you!
* * * LOW HITPOINT WARNING * * *
Your magical essence is drained by the effort!
You feel much better.
Donald hits you with a +2 eveningstar of flaming.
* * * LOW HITPOINT WARNING * * *
Donald burns you.
You feel much better.
Donald says, "I just stubbed my toe.
Does that mean I'm cleansed?"
Donald hits you with a +2 eveningstar of flaming!!
* * * LOW HITPOINT WARNING * * *
Donald burns you.
Donald hits you with a +2 eveningstar of flaming!!!
You die...

,,, ,, , , , * ** * * ** , , ,, ,
, , , ,, , * ** * * ***** * * , ,
,, , , , , , * * *** **** * , ,+,
, , , , ▓▓▓▓▓▓▓▓▓▓▓▓▓▓▓▓▓▓▓▓▓▓▓▓
* * ................@@...... , ,
▓▓▓▓▓▓▓▓▓▓▓▓▓▓▓▓▓▓▓▓▓▓▓▓▓▓▓▓▓▓▓▓▓
..[)†).'..........[[.[[.[[.))))).
▓▓▓▓▓▓▓▓▓▓▓▓▓▓▓▓▓▓▓▓▓▓▓▓▓▓▓▓▓▓▓▓▓
.................................
▓▓▓▓▓▓▓▓▓▓▓▓▓▓▓▓▓▓▓▓▓▓▓▓▓▓▓▓▓▓▓▓▓
.∩.∩)))))'......))))))).......)))
▓▓▓▓▓▓▓▓▓▓▓▓▓▓▓▓▓▓▓▓▓▓▓▓▓▓▓▓▓▓▓▓▓
.................................


You could see Donald (fast, strong).

Vanquished Creatures
  A tengu reaver (D)
  A very ugly thing (D)
  A fire dragon (D)
  A rakshasa (D)
  An ice dragon (D)
  Erica (D)
  A deep troll earth mage (D)
  3 orc high priests (D)
  A skeletal warrior (D)
  4 lindwurms (D)
  3 ugly things (D)
  4 orc knights (D)
  3 orc sorcerers (D)
  A manticore (D)
  A cyclops (D)
  A black mamba (D)
  A torpor snail (D)
  A cane toad (D)
  An unseen horror (D)
  2 komodo dragons (D)
  A troll (shapeshifter) (D)
  A troll (D)
  A queen bee (shapeshifter) (D)
  A blink frog (D)
  2 slime creatures (D)
  A wyvern (D)
  3 yaks (D)
  Eustachio (D)
  A basilisk (D)
  An acid dragon (D)
  6 water moccasins (D)
  14 orc warriors (D)
  A black bear (D)
  A bullfrog (D)
  A howler monkey (D)
  A jelly (D)
  An orc priest (D)
  An iguana (D)
  6 orc wizards (D)
  A shadow imp (D)
  4 worms (D)
  12 orcs (D)
  2 ball pythons (D)
  A goblin (D)
  A hobgoblin (D)
  A ball python simulacrum (D)
  A ball python zombie (D)
  A giant cockroach zombie (D)
  A kobold (D)
103 creatures vanquished.

Notes
Turn   | Place    | Note
-------+----------+-------------------------------------------
     0 | D        | Zeldest the Deep Dwarf Gladiator began the quest for the
                  | Orb.
     0 | D        | Reached XP level 1. HP: 19/19 MP: 1/1
    23 | D        | Noticed a jelly
    23 | D        | Noticed an iguana
    36 | D        | Killed an iguana
    37 | D        | Reached skill level 5 in Dodging
    37 | D        | Reached XP level 2. HP: 16/28 MP: 2/2
    37 | D        | Reached XP level 3. HP: 20/34 MP: 3/3
    46 | D        | Reached skill level 5 in Long Blades
    46 | D        | Reached XP level 4. HP: 27/45 MP: 4/4
    53 | D        | Found a snail-covered altar of Cheibriados.
    53 | D        | Found a shadowy altar of Dithmenos.
    53 | D        | Found a white marble altar of Elyvilon.
    53 | D        | Found a blossoming altar of Fedhas.
    53 | D        | Found an opulent altar of Gozag.
    54 | D        | Found a hazy altar of Hepliaklqana.
    55 | D        | Found a viscous altar of Jiyva.
    56 | D        | Found an ancient bone altar of Kikubaaqudgha.
    57 | D        | Found a corrupted altar of Lugonu.
    58 | D        | Found a burning altar of Makhleb.
    59 | D        | Found a sparkling altar of Nemelex Xobeh.
    60 | D        | Found an iron altar of Okawaru.
    61 | D        | Found a stormy altar of Qazlal.
    62 | D        | Found a sacrificial altar of Ru.
    63 | D        | Found a shimmering blue altar of Sif Muna.
    64 | D        | Found a bloodstained altar of Trog.
    65 | D        | Found a hide-covered altar of Uskayaw.
    66 | D        | Became a worshipper of Makhleb the Destroyer
    68 | D        | Found a radiant altar of Vehumet.
    69 | D        | Found an ornate altar of the Wu Jian Council.
    70 | D        | Found a shimmering altar of Xom.
    71 | D        | Found a basalt altar of Yredelemnul.
    72 | D        | Found a glowing silver altar of Zin.
    73 | D        | Found a glowing golden altar of the Shining One.
   120 | D        | Noticed a yak
   120 | D        | Noticed a troll
   120 | D        | Noticed an orc warrior
   125 | D        | Reached skill level 2 in Invocations
   128 | D        | Reached skill level 5 in Fighting
   128 | D        | Reached skill level 3 in Invocations
   140 | D        | Killed an orc warrior
   140 | D        | Reached * piety under Makhleb
   141 | D        | Reached skill level 5 in Invocations
   141 | D        | Reached XP level 5. HP: 54/55 MP: 5/9
   142 | D        | Killed a troll
   143 | D        | Reached skill level 7 in Invocations
   143 | D        | Reached XP level 6. HP: 65/66 MP: 5/11
   149 | D        | Killed a yak
   150 | D        | Reached skill level 8 in Invocations
   150 | D        | Reached XP level 7. HP: 47/72 MP: 6/13
   150 | D        | Reached ** piety under Makhleb
   176 | D        | Noticed a purple ugly thing
   176 | D        | Noticed a slime creature
   176 | D        | Noticed a skeletal warrior
   184 | D        | Killed a slime creature
   184 | D        | Killed an unseen horror
   185 | D        | Reached skill level 10 in Dodging
   185 | D        | Reached skill level 10 in Invocations
   185 | D        | Reached XP level 8. HP: 52/82 MP: 12/15
   185 | D        | Killed a skeletal warrior
   186 | D        | Reached skill level 10 in Long Blades
   186 | D        | Reached skill level 11 in Invocations
   197 | D        | Killed a purple ugly thing
   197 | D        | Reached *** piety under Makhleb
   198 | D        | Reached skill level 12 in Invocations
   198 | D        | Gained mutation: You passively map the area around you.
                  | [Deep Dwarf growth]
   198 | D        | Reached XP level 9. HP: 62/93 MP: 14/18
   214 | D        | Reached skill level 10 in Fighting
   330 | D        | Noticed a komodo dragon
   339 | D        | Reached skill level 1 in Armour
   339 | D        | Reached skill level 1 in Evocations
   343 | D        | Noticed a torpor snail
   345 | D        | Reached **** piety under Makhleb
   350 | D        | Noticed a komodo dragon
   351 | D        | Killed a komodo dragon
   368 | D        | Reached ***** piety under Makhleb
   380 | D        | Killed a torpor snail
   381 | D        | Reached skill level 13 in Invocations
   381 | D        | Reached skill level 5 in Evocations
   391 | D        | Killed a komodo dragon
   403 | D        | Noticed a black mamba
   404 | D        | Noticed a cane toad
   409 | D        | Reached XP level 10. HP: 94/103 MP: 18/18
   413 | D        | Reached skill level 5 in Armour
   420 | D        | Killed a black mamba
   420 | D        | Reached ****** piety under Makhleb
   434 | D        | Killed a cane toad
   456 | D        | Noticed a lindwurm
   456 | D        | Noticed a lindwurm
   465 | D        | Noticed a lindwurm
   469 | D        | Killed a lindwurm
   470 | D        | Reached skill level 14 in Invocations
   470 | D        | Noticed a lindwurm
   481 | D        | Killed a lindwurm
   488 | D        | Killed a lindwurm
   496 | D        | Killed a lindwurm
   737 | D        | Reached XP level 11. HP: 64/114 MP: 20/20
   831 | D        | Found Zamas's Magic Scroll Boutique.
   831 | D        | Noticed an orc sorcerer
   831 | D        | Noticed an orc knight
   831 | D        | Noticed an orc sorcerer
   831 | D        | Noticed an orc knight
   834 | D        | Noticed an orc high priest
   837 | D        | Killed an orc knight
   837 | D        | Killed an orc sorcerer
   838 | D        | Reached skill level 15 in Invocations
   838 | D        | Reached skill level 10 in Evocations
   838 | D        | Killed an orc sorcerer
   839 | D        | Found Teha's Weapon Shop.
   854 | D        | Killed an orc knight
   858 | D        | Noticed a sixfirhy
   883 | D        | Killed an orc high priest
   884 | D        | Found Inyer's Distillery.
   888 | D        | Found Zuagipig's Antique Armour Shop.
   891 | D        | Noticed an orc high priest
   891 | D        | Noticed an orc high priest
   906 | D        | Noticed an orc knight
   909 | D        | Noticed an orc sorcerer
   919 | D        | Killed an orc high priest
   937 | D        | Killed an orc high priest
   939 | D        | Killed an orc sorcerer
   943 | D        | Killed an orc knight
  1023 | D        | Noticed Eustachio
  1025 | D        | Noticed Erica
  1041 | D        | Killed Erica
  1042 | D        | Reached skill level 10 in Armour
  1042 | D        | Reached skill level 16 in Invocations
  1058 | D        | Killed Eustachio
  1200 | D        | Noticed an orc knight
  1201 | D        | Noticed a white ugly thing
  1208 | D        | Noticed a tengu reaver
  1227 | D        | Killed an orc knight
  1228 | D        | Reached skill level 15 in Dodging
  1233 | D        | Noticed a red very ugly thing
  1236 | D        | Noticed a deep troll earth mage
  1249 | D        | Noticed a fire dragon
  1251 | D        | Killed a white ugly thing
  1252 | D        | Noticed an ice dragon
  1253 | D        | Noticed a purple ugly thing
  1274 | D        | Killed a tengu reaver
  1275 | D        | Reached XP level 12. HP: 96/126 MP: 20/20
  1282 | D        | Noticed a rakshasa
  1288 | D        | Killed a red very ugly thing
  1318 | D        | Killed a deep troll earth mage
  1319 | D        | Reached skill level 17 in Invocations
  1341 | D        | Killed a fire dragon
  1360 | D        | Killed an ice dragon
  1399 | D        | Killed a rakshasa
  1455 | D        | Noticed Donald
  1474 | D        | HP: 6/126 [Donald (5)]
  1476 | D        | Demolished by Donald

Illustrated notes

Levels and vault maps discovered:
D:        linesprint [early_d, line_temple, items_1, d_10, items_2, lair_1,
          lair_end, items_3, orc_1, orc_end, items_4, d_15, swamp_1, shoals_1,
          snake_1, spider_1, d_20, vaults_1, items_5, swamp_end, shoals_end,
          snake_end, spider_end, vaults_end, d_27, items_6, zot_1, zot_end,
          crypt_end, forest_end, elf_end, slime_end, tomb_end, abyss_end,
          pan_hell_end]

Skill      XL: |  1  2  3  4  5  6  7  8  9 10 11 12 |
---------------+-------------------------------------+-----
Fighting       | 3 4 6 7 8 9 10 11 13 | 13.5
Dodging        | 5 7 9 10 11 12 13 15 | 15.8
Long Blades    | 4 5 7 8 9 10 11 12 14 | 14.8
Invocations    | 5 7 8 10 12 13 14 16 17 | 17.4
Armour         | 4 7 10 11 | 11.7
Evocations     | 6 9 12 13 | 13.6
Throwing       | |  1.7

Action                   |  1- 3 |  4- 6 |  7- 9 | 10-12 || total
-------------------------+-------+-------+-------+-------++-------
Melee: Long sword        |    31 |     2 |       |       ||    33
       Scimitar          |       |    26 |    87 |   298 ||   411
       Demon blade       |       |       |       |   180 ||   180
Invok: Greater Servant o |       |       |       |     1 ||     1
 Abil: Heal Wounds       |     2 |     2 |    12 |    29 ||    45
Evoke: Wand              |       |       |     5 |     5 ||    10
  Use: Potion            |       |     1 |       |       ||     1
Armor: Leather armour    |     6 |       |       |       ||     6
       Chain mail        |       |     8 |    25 |    63 ||    96
       Plate armour      |       |       |       |    41 ||    41
       Storm dragon scal |       |       |       |    71 ||    71
Dodge: Dodged            |    15 |     8 |    46 |   243 ||   312
       Rpst.: Long sword |     4 |       |       |       ||     4
       Scimitar          |       |     2 |    18 |    52 ||    72
       Demon blade       |       |       |       |    11 ||    11

Table legend: (Time is in decaauts)
 A = Elapsed time spent in this place.
 B = Non-inter-level travel time spent in this place.
 C = Inter-level travel time spent in this place.
 D = Time resting spent in this place.
 E = Time spent auto-exploring this place.
 F = Levels seen in this place.
 G = Mean time per level.
                   A        B        C        D        E       F      G
               +--------+--------+--------+--------+--------+-----+--------+
         Total |   1343 |   1340 |      3 |      0 |      0 |   1 | 1343.0 |
       Dungeon |   1343 |   1340 |      3 |      0 |      0 |   1 | 1343.0 |
               +--------+--------+--------+--------+--------+-----+--------+

Top non-repeatable levels by time:
       D: 1343 daAuts
